 Dungeon Crawl Stone Soup version 0.25.1-2-g60ff931df9 (webtiles) character file.

Game seed: 10848552090339823475

181 H0rd4k the Charlatan (level 5, -1/38 HPs)
             Began as a Human Artificer on Oct 1, 2020.
             Slain by Grinder (5 damage)
             ... while paralysed by Grinder
             ... on level 3 of the Dungeon.
             The game lasted 00:03:20 (3504 turns).

H0rd4k the Charlatan (Human Artificer)              Turns: 3504, Time: 00:03:21

Health: -1/38      AC:  4    Str: 13    XL:     5   Next: 92%
Magic:  7/7        EV:  2    Int: 11    God:
Gold:   166        SH:  0    Dex: 14    Spells: 4/4 levels left

rFire    . . .     SeeInvis .   p - +0 short sword (venom)
rCold    . . .     Gourm    .   (no shield)
rNeg     . . .     Faith    .   b - +0 leather armour
rPois    .         Spirit   .   (no helmet)
rElec    .         Reflect  .   (no cloak)
rCorr    .         Harm     .   s - +0 pair of gloves
MR       .....                  (no boots)
Stlth    ++........             (no amulet)
HPRegen  0.12/turn              (no ring)
MPRegen  0.10/turn              (no ring)

@: paralysed
A: no striking features
a: no special abilities


You were on level 3 of the Dungeon.
You were not hungry.

You visited 1 branch of the dungeon, and saw 3 of its levels.

You collected 166 gold pieces.

Inventory:

Hand Weapons
 a - a +0 short sword
 k - a +0 dagger of protection
 p - a +0 short sword of venom (weapon)
Missiles
 n - 10 poisoned darts (quivered)
Armour
 b - a +0 leather armour (worn)
 s - a +0 pair of gloves (worn)
Wands
 c - a wand of flame (4)
 d - a wand of enslavement (15)
 e - a wand of random effects (37)
Scrolls
 g - 3 scrolls of identify {unknown}
 h - a scroll of fog {unknown}
 j - a scroll of teleportation {unknown}
 o - a scroll of magic mapping {unknown}
Potions
 i - 2 potions of flight {unknown}
 l - a potion of magic {unknown}
 m - a potion of heal wounds {unknown}
 q - a potion of ambrosia {unknown}
 t - a potion of invisibility {unknown}
Comestibles
 f - 6 rations
 r - 2 chunks of flesh


   Skills:
 + Level 1.7 Fighting
 + Level 3.1 Short Blades
 + Level 2.8 Armour
 + Level 2.7 Dodging
 + Level 1.3 Stealth
 + Level 3.2 Evocations


You had 4 spell levels left.
You didn't know any spells.
Your spell library was empty.

Dungeon Overview and Level Annotations

Branches:
Dungeon (3/15)

Altars:
Uskayaw

Annotations:
D:1 1 exclusion
D:3 Grinder


Message History

Grinder says, "Just stop there for a second..."
Grinder gestures at you.
You suddenly lose the ability to move!
Grinder gestures at you. Pain shoots through your body! Grinder hits you.
Grinder hits you!
* * * LOW HITPOINT WARNING * * *
You writhe in agony.
* * * LOW HITPOINT WARNING * * *
Grinder hits you but does no damage. Grinder hits you.
* * * LOW HITPOINT WARNING * * *
Level annotation: Grinder Welcome back, H0rd4k the Human Artificer.
Press ? for a list of commands and other information.
Grinder gestures at you.
You barely resist. Grinder hits you.
You die...

. ...
....###+#+##.#
.............#
.......@.....#
........5....#
..........##.#
....####..#
..# ..# . ..#
..# ..#


You could see Grinder.

Vanquished Creatures
  Natasha (thrice) (D:2)
  5 adders
  A worm (D:2)
  3 dart slugs
  2 leopard geckos (D:2)
  A giant cockroach (D:1)
  10 goblins (D:2)
  11 hobgoblins
  A quokka (D:3)
  6 bats
  A frilled lizard (D:2)
  4 kobolds (D:1)
  6 rats
54 creatures vanquished.

Notes
Turn   | Place    | Note
-------+----------+-------------------------------------------
     0 | D:1      | H0rd4k the Human Artificer began the quest for the Orb.
     0 | D:1      | Reached XP level 1. HP: 15/15 MP: 3/3
   687 | D:1      | Reached skill level 1 in Armour
   687 | D:1      | Reached XP level 2. HP: 13/21 MP: 4/4
  1223 | D:1      | Reached XP level 3. HP: 26/26 MP: 5/5
  1909 | D:2      | Reached XP level 4. HP: 30/32 MP: 6/6
  2014 | D:2      | Noticed Natasha
  2034 | D:2      | Killed Natasha
  2281 | D:2      | Reached XP level 5. HP: 37/37 MP: 7/7
  2664 | D:2      | Found a hide-covered altar of Uskayaw.
  2736 | D:2      | Found a faded altar of an unknown god.
  3200 | D:2      | Noticed Natasha
  3211 | D:2      | Killed Natasha
  3387 | D:2      | Noticed Natasha
  3398 | D:2      | Killed Natasha
  3493 | D:3      | Noticed Grinder
  3497 | D:3      | Paralysed by Grinder for 7 turns
  3504 | D:3      | Slain by Grinder

Illustrated notes

Levels and vault maps discovered:
D:1:      minmay_arrival_floating_metal, layout_basic, serial_bayou_crossing
D:2:      cheibrodos_greedy_goblins, layout_basic, marbit_many_paths,
          first_ration, chequers_ecumenical_altar_simple, uniq_natasha
D:3:      layout_basic, lemuel_zombie_altar_yredelemnul,
          uniq_crazy_yiuf_cottage, uniq_grinder

Skill      XL: |  1  2  3  4  5 |
---------------+----------------+-----
Armour         | 1 2 |  2.8
Short Blades   | 2 3 |  3.1
Fighting       | |  1.7
Dodging        | |  2.7
Stealth        | |  1.3
Evocations     | |  3.2

Action                   |  1- 3 |  4- 6 || total
-------------------------+-------+-------++-------
Melee: Short sword       |    92 |    53 ||   145
       Dagger            |    49 |    67 ||   116
Evoke: Wand              |     2 |    10 ||    12
 Stab: Sleeping          |       |     2 ||     2
  Eat: Chunk             |     3 |     5 ||     8
Armor: Leather armour    |    46 |    27 ||    73
Dodge: Dodged            |    86 |    55 ||   141
